 Dungeon Crawl Stone Soup version 0.28-a0-1506-g3893175d92 (webtiles) character file.

Game seed: 7889041056688498509

192 croobank the Chopper (level 5, -2/47 HPs)
             Began as a Gnoll Cinder Acolyte on Jan 14, 2022.
             Was a High Priest of Ignis.
             Killed from afar by a white imp (8 damage)
             ... with a puff of frost
             ... summoned by Natasha
             ... on level 2 of the Dungeon.
             The game lasted 00:08:38 (2857 turns).

croobank the Chopper (Gnoll Cinder Acolyte)         Turns: 2857, Time: 00:08:39

Health: -2/47      AC:  5    Str: 13    XL:     5   Next: 71%
Magic:  9/9        EV: 10    Int: 13    God:    Ignis [*****.]
Gold:   38         SH:  0    Dex: 10    Spells: 8/10 levels left

rFire   + . .      SeeInvis .   a - +0 hand axe (flame)
rCold   . . .      Faith    .   (no shield)
rNeg    . . .      Spirit   .   n - +0 ring mail
rPois   .          Reflect  .   (no helmet)
rElec   .          Harm     .   (no cloak)
rCorr   .          Rampage  .   (no gloves)
Will    .....                   (no boots)
Stlth   +.........              (no amulet)
HPRegen 0.15/turn               (no ring)
MPRegen 0.11/turn               (no ring)

@: no status effects
A: fangs 1, strong nose, distributed training
a: Renounce Religion, Fiery Armour, Foxfire Swarm, Rising Flame


You were on level 2 of the Dungeon.
You worshipped Ignis.
Ignis was extremely pleased with you.
You visited 1 branch of the dungeon, and saw 3 of its levels.

You collected 38 gold pieces.

Inventory:

Hand Weapons
 a - a +0 hand axe of flaming (weapon)
 e - a +2 dagger of electrocution
 p - a +2 long sword of holy wrath
Missiles
 c - 18 sling bullets
 h - 50 stones (quivered)
 i - 18 bolts
 q - 8 poisoned darts
Armour
 b - a +0 robe
 n - a +0 ring mail (worn)
Scrolls
 f - a scroll of enchant armour {unknown}
 g - a scroll of magic mapping
 j - a scroll of teleportation
Potions
 d - a potion of brilliance
 k - a potion of heal wounds {unknown}
 l - a potion of magic {unknown}
 m - a potion of flight {unknown}
 o - a potion of curing


   Skills:
 + Level 6.7 Fighting
 + Level 1.6 Short Blades
 + Level 1.6 Long Blades
 + Level 6.7 Axes
 + Level 1.6 Maces & Flails
 + Level 1.6 Polearms
 + Level 1.6 Staves
 + Level 1.6 Slings
 + Level 1.6 Bows
 + Level 1.6 Crossbows
 + Level 1.6 Throwing
 + Level 1.6 Armour
 + Level 1.6 Dodging
 + Level 1.6 Stealth
 + Level 1.6 Shields
 + Level 1.6 Unarmed Combat
 + Level 3.2 Spellcasting
 + Level 1.2 Conjurations
 + Level 1.2 Hexes
 + Level 1.2 Summonings
 + Level 1.2 Necromancy
 + Level 1.2 Translocations
 + Level 1.2 Transmutations
 + Level 5.5 Fire Magic
 + Level 1.2 Ice Magic
 + Level 1.2 Air Magic
 + Level 1.2 Earth Magic
 + Level 1.2 Poison Magic
 + Level 1.8 Invocations
 + Level 1.6 Evocations


You had 8 spell levels left.
You knew the following spells:

 Your Spells              Type           Power      Damage    Failure   Level
a - Scorch                Fire           32%        2d6       8%          2

Your spell library contained the following spells:

 Spells                   Type           Power      Damage    Failure   Level


Dungeon Overview and Level Annotations

Branches:
Dungeon (3/15)

Altars:

Annotations:
D:2 1 runed translucent door, Crazy Yiuf, Natasha


Innate Abilities, Weirdness & Mutations

You have very sharp teeth.
Your uncanny sense of smell can sniff out nearby items.
Your experience applies equally to all skills.


Message History

You closely miss the crimson imp. You closely miss the white imp.
You hit the crimson imp. The crimson imp closely misses you.
The white imp hits you but does no damage.
The crimson imp hits you but does no damage.
Natasha stares at you and mumbles some strange words.
The magic dart hits you.
You hit Natasha but do no damage.
Natasha is moderately wounded.
You hit the crimson imp. You hit the white imp but do no damage.
You hit the crimson imp but do no damage.
The crimson imp hits you but does no damage.
The white imp barely misses you.
The crimson imp hits you but does no damage.
Natasha claws you!
You barely miss Natasha.
Natasha is moderately wounded.
You closely miss the crimson imp. You hit the white imp.
You burn the white imp. You hit the crimson imp. The crimson imp hits you.
The white imp gestures at you. The puff of frost misses you.
The crimson imp hits you.
Unknown command.
You hit Natasha but do no damage.
Natasha is moderately wounded.
You barely miss the crimson imp. You closely miss the white imp.
You hit the crimson imp. Natasha claws you.
* * * LOW HITPOINT WARNING * * *
The crimson imp blinks!
The white imp hits you but does no damage.
The crimson imp misses you.
Okay, then.
Blink to where?
Press: ? - help, Dir - move target
As you read the scroll of blinking, it crumbles to dust.
An endoplasm comes into view.
The white imp gestures at you. The puff of frost hits you!
* * * LOW HITPOINT WARNING * * *
The white imp gestures at you. The puff of frost hits you!
You die...

#5 #...#
####.#.########...#
#..#.#.5.#....'>..'
#.J#.#.).#.####...#
#..#.#§h.#.##......
#..#.#.5.#.##.#.##.
#..#.#......#.#..#.
##..#........#.#..#.
#.[@.........#.#....
##.#.........#.#....
#.'.........#.#.<..
###.........#.#.#..
#.....###########
#....## # ######
##### # #)..# #
#...# #


You could see a white imp (summoned) and an endoplasm.

Vanquished Creatures
  An orc priest (D:2)
  Natasha (twice) (D:2)
  An orc wizard (D:2)
  3 gnolls (D:2)
  An adder (D:2)
  A dart slug (D:2)
  2 orcs (D:2)
  2 endoplasms (D:1)
  3 giant cockroaches
  2 goblins (D:1)
  6 hobgoblins
  2 jackals (D:1)
  A quokka (D:1)
  5 ball pythons
  3 bats
  5 frilled lizards (D:1)
  7 kobolds
  4 rats
51 creatures vanquished.

Notes
Turn   | Place    | Note
-------+----------+-------------------------------------------
     0 | D:1      | croobank the Gnoll Cinder Acolyte began the quest for the
                  | Orb.
     0 | D:1      | Reached XP level 1. HP: 23/23 MP: 4/4
   195 | D:1      | Found a faded altar of an unknown god.
   320 | D:1      | Reached XP level 2. HP: 23/29 MP: 5/5
   323 | D:1      | Learned a level 2 spell: Scorch
   938 | D:1      | Reached XP level 3. HP: 34/35 MP: 2/7
  1800 | D:2      | Reached skill level 1 in Invocations
  1804 | D:2      | Reached skill level 1 in Short Blades
  1804 | D:2      | Reached skill level 1 in Long Blades
  1804 | D:2      | Reached skill level 1 in Maces & Flails
  1804 | D:2      | Reached skill level 1 in Polearms
  1804 | D:2      | Reached skill level 1 in Staves
  1804 | D:2      | Reached skill level 1 in Slings
  1804 | D:2      | Reached skill level 1 in Bows
  1804 | D:2      | Reached skill level 1 in Crossbows
  1804 | D:2      | Reached skill level 1 in Throwing
  1804 | D:2      | Reached skill level 1 in Armour
  1804 | D:2      | Reached skill level 1 in Dodging
  1804 | D:2      | Reached skill level 1 in Stealth
  1804 | D:2      | Reached skill level 1 in Shields
  1804 | D:2      | Reached skill level 1 in Unarmed Combat
  1804 | D:2      | Reached skill level 1 in Evocations
  1807 | D:2      | Reached XP level 4. HP: 36/41 MP: 2/8
  1922 | D:2      | Found a runed translucent door.
  1923 | D:2      | Noticed Crazy Yiuf
  2424 | D:2      | Noticed Natasha
  2428 | D:2      | Killed Natasha
  2429 | D:2      | Reached skill level 1 in Conjurations
  2429 | D:2      | Reached skill level 1 in Hexes
  2429 | D:2      | Reached skill level 1 in Summonings
  2429 | D:2      | Reached skill level 1 in Necromancy
  2429 | D:2      | Reached skill level 1 in Translocations
  2429 | D:2      | Reached skill level 1 in Transmutations
  2429 | D:2      | Reached skill level 1 in Ice Magic
  2429 | D:2      | Reached skill level 1 in Air Magic
  2429 | D:2      | Reached skill level 1 in Earth Magic
  2429 | D:2      | Reached skill level 1 in Poison Magic
  2512 | D:2      | Reached XP level 5. HP: 31/47 MP: 0/9
  2784 | D:2      | Noticed Natasha
  2810 | D:2      | Killed Natasha
  2840 | D:2      | Noticed Natasha
  2857 | D:2      | Killed from afar by a white imp

Illustrated notes

Levels and vault maps discovered:
D:1:      minmay_arrival_five_plusses, layout_loops_ring,
          basic_ecumenical_altar, st_stairs_2, grunt_decor_mini_mirrors,
          minivault_5, minivault_19, chequers_arboretum, corexii_corridor_pit,
          minmay_misc_feat_tower, fountainhead
D:2:      layout_basic, basic_altar, feat_on_display, uniq_crazy_yiuf_cottage,
          uniq_natasha
D:3:      layout_rooms, grunt_ministairs_11, chequers_garden, uniq_robin,
          uniq_terence, uniq_grinder

Skill      XL: |  1  2  3  4 |
---------------+-------------+-----
Invocations    | 1 |  1.8
Short Blades   | 1 |  1.6
Long Blades    | 1 |  1.6
Maces & Flails | 1 |  1.6
Polearms       | 1 |  1.6
Staves         | 1 |  1.6
Slings         | 1 |  1.6
Bows           | 1 |  1.6
Crossbows      | 1 |  1.6
Throwing       | 1 |  1.6
Armour         | 1 |  1.6
Dodging        | 1 |  1.6
Stealth        | 1 |  1.6
Shields        | 1 |  1.6
Unarmed Combat | 1 |  1.6
Evocations     | 1 |  1.6
Spellcasting   | 3 |  3.2
Conjurations   | 1 |  1.2
Hexes          | 1 |  1.2
Summonings     | 1 |  1.2
Necromancy     | 1 |  1.2
Translocations | 1 |  1.2
Transmutations | 1 |  1.2
Ice Magic      | 1 |  1.2
Air Magic      | 1 |  1.2
Earth Magic    | 1 |  1.2
Poison Magic   | 1 |  1.2
Fighting       | |  6.7
Axes           | |  6.7
Fire Magic     | |  5.5

Action                   |  1- 3 |  4- 6 || total
-------------------------+-------+-------++-------
Melee: Dagger            |    28 |       ||    28
       Hand axe          |    28 |    32 ||    60
       Bite              |     2 |     1 ||     3
 Cast: Scorch            |    24 |    13 ||    37
  Use: Scroll            |     6 |     1 ||     7
       Potion            |       |     1 ||     1
Armor: Robe              |     5 |       ||     5
       Ring mail         |     2 |    12 ||    14
Dodge: Dodged            |    32 |    19 ||    51

Table legend: (Time is in decaauts)
 A = Elapsed time spent in this place.
 B = Non-inter-level travel time spent in this place.
 C = Inter-level travel time spent in this place.
 D = Time resting spent in this place.
 E = Time spent auto-exploring this place.
 F = Levels seen in this place.
 G = Mean time per level.
                   A        B        C        D        E       F      G
               +--------+--------+--------+--------+--------+-----+--------+
         Total |   2868 |   2806 |     62 |    445 |   1880 |   3 |  956.0 |
       Dungeon |   2868 |   2806 |     62 |    445 |   1880 |   3 |  956.0 |
               +--------+--------+--------+--------+--------+-----+--------+

Top non-repeatable levels by time:
     D:1: 1774 daAuts
     D:2: 1075 daAuts
     D:3: 19 daAuts
